Map: Overgrown Facility

Players

isaac

  • Race: Zerg Zerg
  • League: Diamond
  • Spawn Location: 1:00

bigweeze

  • Race: Zerg Zerg
  • Spawn Location: 3:00

Adversity - Winner!

  • Race: Terran Terran
  • Spawn Location: 7:00

Squirtle - Winner!

  • Race: Zerg Zerg
  • Spawn Location: 9:00

VOD

Have the link to the VOD?

Description

Time

  • Played on: July 12, 2018, 7:52 p.m.
  • Length: 8:26
Show
View Real Time Build Order
Export as new Build Order

isaac Zerg 

Build Orders: Pool First 

Get SALT Encoding   

  12  0:16  Extractor  
  12  0:17  Drone  
  12  0:18  Drone  
  13  0:31  Spawning Pool  
  13  0:35  Drone  
  13  0:40  Drone  
  14  0:48  Extractor  
  14  0:49  Drone  
  15  0:59  Overlord  
  15  1:17  Queen  
  17  1:18  Zergling x2  
  18  1:27  Metabolic Boost  
  18  1:30  Zergling x2  
  19  1:38  Overlord  
  19  1:41  Drone  
  19  1:46  Zergling x2  
  21  1:55  Queen  
  23  2:03  Zergling x2  
  23  2:06  Zergling x2  
  25  2:17  Zergling x2  
  26  2:30  Zergling x6  
  26  2:36  Zergling x2  
  29  2:47  Hatchery  
  29  2:48  Zergling x2  
  26  3:03  Spine Crawler  
  26  3:05  Spine Crawler  
  24  3:07  Zergling x4  
  25  3:26  Zergling x6  
  24  3:41  Drone  
  23  4:03  Zergling x2  
  23  4:04  Queen x2, Zergling x2  
  23  4:09  Zergling x6  
  32  4:20  Drone x2  
  32  4:22  Drone  
  33  4:53  Zergling x2  
  33  4:54  Zergling x4  
  36  5:02  Overlord x2  
  25  5:29  Zergling x6  
  25  5:30  Zergling x10  
  33  5:42  Roach Warren  
  32  5:48  Zergling x6  
  32  5:49  Zergling x4  
  25  6:20  Zergling x10  
  25  6:23  Zergling x2  
  25  6:24  Queen x2  
  30  6:31  Roach x2  
  30  6:32  Roach x2  
  35  7:06  Roach x2  
  35  7:15  Roach  
  35  7:16  Roach  
  35  7:18  Roach  
  39  7:34  Ravager  
  39  7:36  Roach x2  
  44  7:40  Roach  
  46  7:57  Drone x2, Roach x2  
Show
View Real Time Build Order
Export as new Build Order

bigweeze Zerg 

Build Orders: 1 Base Baneling Bust, Pool First, Zergling Baneling 

Get SALT Encoding   

  12  0:09  Drone x2  
  14  0:18  Extractor  
  14  0:20  Drone  
  14  0:36  Spawning Pool  
  14  0:37  Drone  
  14  0:46  Overlord  
  14  0:59  Extractor  
  14  1:00  Drone  
  15  1:07  Drone  
  16  1:24  Metabolic Boost, Zergling x4  
  18  1:26  Zergling x2  
  19  1:35  Queen  
  19  1:38  Zergling x2  
  22  1:46  Baneling Nest  
  21  1:57  Overlord  
  21  1:58  Zergling x2  
  22  2:26  Zergling x4  
  23  2:47  Zergling x10  
  27  2:58  Hatchery  
  26  3:06  Baneling  
  26  3:07  Baneling x3  
  26  3:16  Zergling x4  
  22  3:32  Zergling x8  
  22  3:37  Baneling x4  
  22  3:49  Zergling x2  
  22  3:54  Overlord  
  19  4:12  Drone x4  
  19  4:15  Queen  
  24  4:30  Zergling x4  
  24  4:31  Zergling x2  
  25  4:33  Zergling x2  
  25  4:34  Zergling x2  
  25  4:51  Drone  
  25  4:55  Zergling x2  
  26  5:03  Zergling x6  
  28  5:12  Spine Crawler  
  18  5:29  Zergling x2  
  18  5:30  Zergling x4  
  2  6:35  Drone  
  3  6:48  Drone x3  
  3  6:51  Drone  
  5  7:20  Drone  
  6  7:23  Drone  
  7  7:41  Drone  
Show
View Real Time Build Order
Export as new Build Order

Adversity Terran - Winner!

Build Orders:  

Get SALT Encoding   

  12  0:02  SCV  
  14  0:14  SCV  
  14  0:20  Supply Depot  
  14  0:26  SCV  
  15  0:31  Refinery  
  15  0:42  SCV  
  16  0:49  Barracks  
  16  0:54  SCV  
  17  1:06  SCV  
  18  1:11  Barracks  
  18  1:18  SCV  
  19  1:25  Barracks  
  19  1:39  Reaper  
  20  1:46  Orbital Command  
  20  1:58  Reaper  
  21  2:02  Refinery, Supply Depot  
  21  2:11  Reaper  
  22  2:18  SCV  
  23  2:23  Reaper  
  24  2:30  Reaper  
  24  2:37  Supply Depot  
  25  2:46  Reaper  
  25  2:47  SCV  
  27  2:55  Reaper  
  28  3:01  SCV  
  28  3:03  Reaper  
  30  3:06  Command Center  
  30  3:16  SCV  
  30  3:18  Reaper  
  32  3:27  Reaper  
  29  3:35  Reaper  
  29  3:40  SCV  
  30  3:42  Barracks  
  30  3:44  Barracks  
  30  3:49  Supply Depot  
  30  3:50  Reaper  
  31  3:59  Reaper  
  32  4:07  Reaper  
  33  4:18  SCV  
  33  4:20  Orbital Command  
  33  4:22  Reaper  
  35  4:30  Reaper  
  36  4:32  Reaper  
  34  4:39  Reaper  
  35  4:47  Reaper  
  35  4:48  SCV  
  35  4:49  SCV  
  38  4:54  Reaper  
  39  5:00  SCV, Command Center  
  39  5:02  SCV  
  41  5:13  Barracks Tech Lab, SCV, Barracks Reactor  
  41  5:14  SCV  
  43  5:25  SCV  
  43  5:26  SCV  
  45  5:35  Marine x4  
  46  5:36  Stimpack  
  46  5:38  SCV  
  46  5:39  Factory  
  46  5:40  SCV  
  46  5:42  Engineering Bay x2  
  50  5:50  SCV  
  50  5:52  Marine x2, SCV  
  50  5:54  Marine x4  
  56  6:16  Marine x4  
  57  6:28  Marine x2  
  57  6:30  Factory Reactor, Starport  
  57  6:31  SCV  
  57  6:32  SCV  
  61  6:33  Orbital Command  
  61  6:34  Marine x2  
  61  6:35  Refinery  
  61  6:36  Refinery  
  63  6:43  SCV  
  63  6:44  SCV  
  63  6:46  Marine  
  63  6:47  Marine x3  
  69  6:55  SCV  
  69  6:56  SCV  
  70  7:05  Marine  
  70  7:06  Marine x2  
  70  7:07  Marine  
  74  7:08  SCV  
  74  7:14  SCV  
  72  7:16  Armory  
  72  7:25  Barracks Reactor x2  
  72  7:28  SCV x2  
  75  7:30  Barracks Tech Lab  
  75  7:32  Supply Depot  
  75  7:33  Supply Depot x2  
  75  7:35  Orbital Command  
  73  7:37  Medivac x2  
  77  7:51  Barracks  
  77  7:52  Barracks  
  77  7:53  Marine x2  
  77  7:54  Barracks, SCV x2, Marauder  
  77  7:55  Sensor Tower  
  83  8:01  SCV  
  84  8:06  SCV  
Show
View Real Time Build Order
Export as new Build Order

Squirtle Zerg - Winner!

Build Orders: Hatch First, Zergling Baneling 

Get SALT Encoding   

  12  0:00  Drone  
  13  0:08  Drone  
  13  0:14  Extractor  
  13  0:15  Drone  
  15  0:40  Hatchery  
  15  0:42  Extractor  
  13  0:44  Drone  
  14  1:01  Spawning Pool  
  13  1:06  Drone  
  14  1:13  Drone, Extractor  
  14  1:16  Extractor  
  13  1:20  Drone  
  16  1:28  Overlord  
  16  1:47  Metabolic Boost  
  16  1:49  Zergling x4  
  16  1:50  Zergling x2  
  16  1:54  Zergling x2  
  20  2:03  Baneling Nest  
  20  2:06  Zergling x2  
  20  2:10  Zergling x2  
  20  2:14  Zergling x2  
  22  2:18  Zergling x2  
  22  2:22  Zergling x2  
  24  2:26  Zergling x2  
  25  2:32  Zergling x2  
  25  2:35  Zergling x2  
  27  2:44  Zergling x2  
  28  2:49  Baneling x3  
  27  2:59  Overlord  
  27  3:20  Zergling x2  
  27  3:21  Zergling x4  
  27  3:24  Zergling x4  
  30  3:36  Drone  
  30  3:37  Drone x2  
  33  3:41  Queen  
  33  3:43  Drone  
  36  3:50  Baneling  
  36  3:51  Baneling x3  
  36  3:52  Baneling  
  33  4:08  Drone  
  33  4:09  Drone x3  
  32  4:14  Zergling x2  
  32  4:15  Zergling x2  
  27  4:22  Zergling x2  
  28  4:25  Zergling x2  
  28  4:30  Zergling x2  
  30  4:37  Zergling x2  
  31  4:41  Zergling x2  
  32  4:49  Roach Warren  
  31  4:57  Baneling x4  
  31  4:59  Drone x2  
  33  5:04  Drone  
  33  5:05  Drone x2  
  36  5:13  Overlord x2  
  34  5:31  Roach x2  
  34  5:32  Roach x2  
  44  5:35  Roach  
  44  5:40  Roach  
  46  5:47  Roach  
  45  5:53  Roach  
  45  5:58  Queen  
  47  6:05  Roach  
  47  6:07  Extractor, Zergling x2  
  47  6:08  Zergling x2  
  50  6:14  Roach  
  52  6:22  Overlord  
  52  6:23  Overlord  
  52  6:40  Overlord  
  52  6:41  Overlord x2  
  52  6:43  Roach x2  
  56  6:48  Roach  
  58  6:55  Roach x2  
  60  7:10  Roach x4  
  60  7:15  Roach  
  70  7:26  Zergling x2  
  70  7:27  Zergling x6  
  74  7:30  Zergling x2  
  74  7:32  Zergling x2, Extractor  
  74  7:34  Extractor  
  74  7:35  Zergling x2  
  75  7:39  Zergling x2  
  75  7:41  Zergling x2  
  77  7:54  Zergling x8  
Tags
 
Add a new tag
Caveats
  • Supply blocks, unpowered buildings, or Contaminate may cause inaccurate times.
  • Supply counts are checked every 10 seconds.